AoeStats
← lorenzo021

MegaRandom

509443986Analyzed
3v3 RM · 6d ago on Sep 26, 2026· 63m 50s· 6 players
Game mode
Random Map
Map size
Normal (6 player)
Population
200
Speed
Normal
Resources
Standard
Victory
Conquest
Starting age
Dark Age
Ending age
Imperial Age
RankedLock teamsTeams togetherTeam positionsShared explorationLock speedFull tech treeHidden civsTurbo modeCheats
Victory
Defeat
🇮🇹 Byzantines · Italy
1065
+13
🇬🇧 Chinese · United Kingdom
1019
+15
🇮🇹 Persians · Italy
1002
+16
🇹🇷 Turks · Türkiye
1028
-16
🇩🇪 Romans · Germany
1010
-15
🇩🇪 Mongols · Germany
954
-13
leonardodavinx
11:36 Feudal Age
9:53 Loom
12:38 Man-at-Arms
14:44 Horse Collar
16:51 Scale Mail Armor
22:04 Castle Age
21:31 Wheelbarrow
22:08 Forging
22:08 Long Swordsman
23:10 Chain Mail Armor
23:32 Iron Casting
25:12 Gold Mining
25:10 Double-Bit Axe
25:31 Heavy Plow
26:25 Squires
29:44 Gold Shaft Mining
31:29 Wheelbarrow
31:33 Ballistas
35:03 Imperial Age
32:53 Hand Cart
35:00 Bow Saw
36:40 Conscription
38:30 Town Watch
38:16 Heavy Scorpion
40:06 Chemistry
40:01 Ballistics
39:48 Siege Engineers
40:48 Stone Mining
42:49 Conscription
42:52 Legionary
44:37 Blast Furnace
44:15 Crop Rotation
48:56 Comitatenses
51:04 Caravan
51:14 Pikeman
51:55 Halberdier
mxn
0:54 Loom
12:08 Feudal Age
15:47 Castle Age
13:34 Double-Bit Axe
14:01 Stone Mining
14:08 Fletching
14:18 Padded Archer Armor
36:34 Imperial Age
34:40 Wheelbarrow
34:44 Bodkin Arrow
35:10 Bow Saw
36:40 Scale Barding Armor
36:46 Forging
37:25 Heavy Camel Rider
39:10 Bloodlines
40:38 Iron Casting
41:30 Hand Cart
42:17 Gold Mining
45:05 Chain Barding Armor
51:23 Blast Furnace
54:26 Bracer
WHİTE.MAN.TR
11:54 Feudal Age
15:50 Gold Mining
15:51 Stone Mining
15:50 Double-Bit Axe
16:28 Horse Collar
19:10 Castle Age
22:44 Gold Shaft Mining
22:11 Heavy Plow
22:25 Bow Saw
25:03 Imperial Age
24:59 Wheelbarrow
24:09 Loom
24:11 Town Watch
26:18 Bloodlines
27:37 Padded Archer Armor
27:27 Fletching
29:11 Elite Janissary
32:29 Artillery
38:02 Ballistics
39:25 Hand Cart
39:10 Town Patrol
39:41 Heavy Camel Rider
42:12 Bodkin Arrow
42:33 Leather Archer Armor
42:24 Scale Barding Armor
42:19 Scale Mail Armor
42:30 Forging
59:19 Two-Man Saw
FreakinFlavio
0:41 Loom
12:01 Feudal Age
13:26 Wheelbarrow
12:36 Town Watch
15:51 Castle Age
15:58 Castle Age
14:02 Double-Bit Axe
14:13 Stone Mining
15:18 Gold Mining
16:02 Crossbowman
18:36 Fletching
18:48 Scale Mail Armor
18:58 Forging
25:14 Murder Holes
25:40 Ballistics
26:55 Bodkin Arrow
31:19 Imperial Age
31:03 Bodkin Arrow
31:09 Padded Archer Armor
32:25 Conscription
36:33 Bracer
36:49 Leather Archer Armor
38:29 Elite Chu Ko Nu
40:01 Thumb Ring
42:42 Chemistry
44:12 Husbandry
44:22 Bloodlines
43:33 Cavalier
46:22 Scale Barding Armor
52:59 Chain Barding Armor
53:15 Iron Casting
55:13 Caravan
55:44 Coinage
60:27 Plate Barding Armor
60:53 Blast Furnace
62:53 Bombard Tower
62:27 Arrowslits
lorenzo021
0:45 Loom
10:45 Feudal Age
12:41 Horse Collar
15:16 Castle Age
13:10 Double-Bit Axe
13:59 Bloodlines
15:29 Scale Barding Armor
15:36 Forging
19:52 Chain Barding Armor
20:25 Husbandry
23:59 Town Watch
27:39 Wheelbarrow
27:16 Bow Saw
26:58 Fletching
30:36 Imperial Age
29:27 Iron Casting
29:12 Heavy Plow
29:56 Bodkin Arrow
32:01 Conscription
31:38 Cavalier
32:55 Plate Barding Armor
36:01 Savar
37:39 Hand Cart
39:30 Blast Furnace
40:24 Crop Rotation
40:56 Two-Man Saw
39:58 Town Patrol
42:19 Conscription
42:45 Guilds
46:41 Coinage
45:32 Heavy Camel Rider
55:07 Caravan
56:31 Gold Mining
57:56 Gold Shaft Mining
57:54 Stone Mining
60:42 Stone Shaft Mining
Cunctator
6:14 Loom
10:13 Feudal Age
11:04 Double-Bit Axe
15:36 Fletching
21:02 Castle Age
19:35 Padded Archer Armor
20:34 Stone Mining
22:08 Wheelbarrow
21:25 Gold Mining
24:26 Crossbowman
28:07 Horse Collar
29:01 Hand Cart
33:50 Imperial Age
31:26 Heavy Plow
32:09 Husbandry
32:38 Scale Barding Armor
33:35 Thumb Ring
34:21 Ballistics
34:57 Conscription
35:33 Bow Saw
37:15 Leather Archer Armor
37:13 Forging
37:03 Elite Skirmisher
37:50 Bodkin Arrow
38:17 Chain Barding Armor
38:02 Cavalier
38:57 Light Cavalry
40:53 Scale Mail Armor
43:30 Two-Man Saw
42:04 Pikeman
42:44 Squires
42:35 Halberdier
46:35 Chemistry
46:15 Hussar
49:38 Plate Barding Armor
49:34 Ring Archer Armor
53:31 Paladin
60:38 Gold Shaft Mining
60:08 Bracer
Connection lost

Rejoining the realm…

Still unreachable

The connection could not be restored.

Session expired

The server has moved on; the page needs a fresh start.